 Dungeon Crawl Stone Soup version 0.31.0-11-ge490571c62 (webtiles) character file.

Game seed: 14396246902418975727

13 monsoonserge the Vexing (level 2, 0/19 HPs)
             Began as a Demonspawn Enchanter on Jan 29, 2024.
             Slain by a quokka (3 damage)
             ... on level 2 of the Dungeon.
             The game lasted 00:02:57 (831 turns).

monsoonserge the Vexing (Demonspawn Enchanter)       Turns: 831, Time: 00:02:57

Health: 0/19       AC:  2    Str:  8    XL:     2   Next: 24%
Magic:  5/5        EV: 12    Int: 15    God:
Gold:   50         SH:  0    Dex: 13    Spells: 3/5 levels left

rFire   . . .        a - +1 dagger
rCold   . . .        (no shield)
rNeg    . . .        b - +0 robe
rPois   .            (no helmet)
rElec   .            (no cloak)
rCorr   .            (no gloves)
SInv    .            (no boots)
Will    .....        (no amulet)
Stlth   ++           (no ring)
HPRegen 0.23/turn    (no ring)
MPRegen 0.09/turn

%: no passive effects
@: no status effects
A: claws 1
a: no special abilities


You were on level 2 of the Dungeon.
You visited 1 branch of the dungeon, and saw 2 of its levels.

You collected 50 gold pieces.

Inventory:

Hand Weapons
 a - a +1 dagger (weapon)
 l - a +0 rapier
Armour
 b - a +0 robe (worn)
Scrolls
 e - a scroll of immolation {unknown}
 j - a scroll of identify {unknown}
 k - a scroll of teleportation {unknown}
Potions
 c - 2 potions of invisibility
 d - a potion of resistance {unknown}
 f - a potion of attraction {unknown}
 g - a potion of curing {unknown}
 h - a potion of might {unknown}
 i - a potion of ambrosia {unknown}


   Skills:
 * Level 1.1 Short Blades
 + Level 1.9 Dodging
 + Level 3.1 Stealth
 - Level 2.0 Spellcasting
 + Level 3.1 Hexes


You had 3 spell levels left.
You knew the following spells:

 Your Spells              Type           Power      Damage    Failure   Level
a - Ensorcelled Hibernat  Hex/Ice        12%        N/A       17%         2

Your spell library contained the following spells:

 Spells                   Type           Power      Damage    Failure   Level
 Confusing Touch          Hex            11%        N/A       19%         3
 Tukima's Dance           Hex            11%        N/A       19%         3
 Dazzling Flash           Conj/Hex       12%        N/A       34%         3


Dungeon Overview and Level Annotations

Branches:
Dungeon (2/15)

Altars:


Innate Abilities, Weirdness & Mutations

You have sharp fingernails.


Message History

The frilled lizard barely misses you.
You hit the frilled lizard.
You kill the frilled lizard!
You see here a frilled lizard corpse.
Found 13 gold pieces.
A giant cockroach comes into view.
Found a stone staircase leading up.
k - a scroll labelled VASMEBL DAIHAS You see here a +0 rapier.
l - a +0 rapier A hobgoblin comes into view.
Found 5 stones.
A quokka and a frilled lizard come into view.
The frilled lizard hisses angrily.
You completely miss the quokka. The quokka closely misses you.
You hit the quokka.
The quokka is lightly wounded.
The quokka bites you.
You hit the quokka but do no damage.
The quokka is lightly wounded.
The quokka bites you.
You barely miss the quokka.
The quokka is lightly wounded.
The quokka bites you. x2
You barely miss the quokka.
The hobgoblin shouts!
Your claw misses the quokka.
The quokka is lightly wounded.
The quokka bites you but does no damage.
You hit the quokka but do no damage.
The quokka is lightly wounded.
The quokka bites you.
* * * LOW HITPOINT WARNING * * *
You miss the quokka.
The quokka is lightly wounded.
The quokka barely misses you.
You closely miss the quokka.
The quokka is lightly wounded.
The quokka bites you.
You die...

#.......#
#.......#
#.......#
#....†..## B#
#........###...#
#<.............#
#######..###...###
#.....<......
#@####...###. #r#
##.# .######l####
.. ...........#
... ###....g...#
#. ..............#
###........##..
#........# .
#(...g....


You could see a quokka, a hobgoblin and a frilled lizard.

Vanquished Creatures
  A bat (D:1)
  A goblin (D:1)
  2 hobgoblins (D:1)
  2 kobolds (D:1)
  3 ball pythons (D:1)
  2 frilled lizards
  2 rats (D:1)
13 creatures vanquished.

Notes
Turn   | Place    | Note
-------+----------+-------------------------------------------
     0 | D:1      | monsoonserge the Demonspawn Enchanter began the quest for
                  | the Orb.
     0 | D:1      | Reached XP level 1. HP: 13/13 MP: 3/3
   105 | D:1      | Reached skill level 1 in Short Blades
   233 | D:1      | Discovered your monstrous ancestry.
   233 | D:1      | Gained mutation: You have sharp fingernails. [demonic
                  | ancestry]
   233 | D:1      | Reached XP level 2. HP: 18/19 MP: 5/5
   259 | D:1      | Learned a level 2 spell: Ensorcelled Hibernation
   831 | D:2      | Slain by a quokka

Illustrated notes

Levels and vault maps discovered:
D:1:      ncdulo_watergridlock, layout_basic, serial_forest,
          infiniplex_forest_clump_large, infiniplex_forest_end_3,
          infiniplex_forest_pool, infiniplex_forest_clump_small,
          infiniplex_forest_straight_2, infiniplex_forest_clump_C,
          ebering_dispersal_statue_hall
D:2:      layout_rooms, serial_shops, shop

Skill      XL: |  1 |
---------------+----+-----
Short Blades   | 1 |  1.1
Stealth        | 3 |  3.1
Dodging        | |  1.9
Spellcasting   | |  2.0
Hexes          | |  3.1

Action                     || total
---------------------------++-------
  Melee: Dagger            ||    67
   Stab: Sleeping          ||     2
 Armour: Robe              ||    40
  Dodge: Dodged            ||    38
